 Dungeon Crawl Stone Soup version 0.31-a0-981-geadf994542 (webtiles) character file.

Game seed: 513833297451886554

681 Dittersdorf the Trooper (level 7, -6/44 HPs)
             Began as a Gargoyle Fighter on Nov 1, 2023.
             Was a Follower of Okawaru.
             Killed by divine providence
             ... invoked by an orc priest
              (8 damage)
             ... on level 5 of the Dungeon.
             The game lasted 00:05:18 (4037 turns).

Dittersdorf the Trooper (Gargoyle Fighter)          Turns: 4037, Time: 00:05:18

Health: -6/44      AC: 21    Str: 21    XL:     7   Next: 61%
Magic:  7/7        EV: 10    Int:  9    God:    Okawaru [*.....]
Gold:   234        SH:  5    Dex:  9    Spells: 6/6 levels left

rFire   . . .        a - +1 flail
rCold   . . .        c - +0 buckler
rNeg    + . .        o - +5 ring mail {Will+}
rPois   ∞            p - +2 hat
rElec   +            g - +0 cloak
rCorr   .            j - +0 pair of gloves
SInv    .            r - +0 pair of boots
Will    +....        n - amulet of magic regeneration Stlth
                     l - ring of flight
HPRegen 0.27/turn    (no ring)
MPRegen 0.50/turn

%: no passive effects
@: flying
A: sickness immunity, AC +4, negative energy resistance 1, electricity
resistance, torment resistance 1, petrification resistance
a: Renounce Religion, Heroism


You were on level 5 of the Dungeon.
You worshipped Okawaru.
Okawaru was aware of your devotion.
You visited 2 branches of the dungeon, and saw 6 of its levels.

You collected 234 gold pieces.

Inventory:

Hand Weapons
 a - a +1 flail (weapon)
Missiles
 q - 5 poisoned darts (quivered)
Armour
 c - a +0 buckler (worn)
 g - a +0 cloak (worn)
 j - a +0 pair of gloves (worn)
 o - a +5 ring mail of willpower (worn)
 p - a +2 hat (worn)
 r - a +0 pair of boots (worn)
Jewellery
 l - a ring of flight (left hand)
 n - an amulet of magic regeneration (around neck)
Scrolls
 f - a scroll of fear
 h - a scroll of revelation
 k - a scroll of enchant armour
Potions
 b - a potion of heal wounds
 d - 2 potions of might
 e - 2 potions of resistance
 i - a potion of curing {unknown}
 m - a potion of enlightenment {unknown}
 s - a potion of berserk rage


   Skills:
 + Level 5.5 Fighting
 + Level 4.4 Maces & Flails
 + Level 5.4 Armour
 + Level 5.4 Shields


You had 6 spell levels left.
You didn't know any spells.
Your spell library contained the following spells:

 Spells                   Type           Power      Damage    Failure   Level
 Sandblast                Erth           0%         2d4       61%         1
 Passwall                 Tmut/Erth      0%         N/A       75%         2
 Stone Arrow              Conj/Erth      0%         3d7       93%         3
 Brom's Barrelling Bould  Conj/Erth      0%         2d3       100%        4


Dungeon Overview and Level Annotations

Branches:
Dungeon (5/15)             Temple (1/1) D:5

Altars:
Ashenzari
Cheibriados
Fedhas
Gozag
Hepliaklqana
Kikubaaqudgha
Nemelex Xobeh
Okawaru
Qazlal
Ru
Sif Muna
Trog
Uskayaw
Vehumet
Wu Jian
Xom
Yredelemnul
Zin
The Shining One

Shops:
D:1 :   D:4 (

Annotations:
D:4 1 runed translucent door, IdlyInterested's ghost, amateur DsFi


Innate Abilities, Weirdness & Mutations

You are immune to sickness and miasma.
Your stone body is resilient. (AC +4)
You are immune to poison.
You resist negative energy. (rN+)
You are resistant to electric shocks. (rElec)
You are resistant to unholy torment.
You are immune to petrification.


Message History

You are too injured to fight recklessly!
You are too injured to fight recklessly!
You are too injured to fight recklessly!
You are too injured to fight recklessly!
You are too injured to fight recklessly!
You are too injured to fight recklessly!
You are too injured to fight recklessly!
You are too injured to fight recklessly!
You are too injured to fight recklessly!
You are too injured to fight recklessly!
You are too injured to fight recklessly!
You closely miss something. Something hits you but does no damage.
You sock something! Something hits you but does no damage.
You hit something. Something hits you but does no damage.
You completely miss something.
You hear some strange, mumbled words.
A magic dart appears from out of thin air!
The magic dart hits you!
* * * LOW HITPOINT WARNING * * *
Something hits you but does no damage.
The orc priest casts a cantrip, but nothing happens.
You barely miss something. Something hits you but does no damage.
You barely miss something. You block something's attack.
You barely miss something. Something hits you but does no damage.
You miss something.
An orc wizard appears from thin air!
Reactivating autopickup.
The orc wizard closely misses you.
You hit the orc wizard.
The orc wizard is almost dead.
The orc wizard hits you but does no damage.
The orc priest mumbles some strange prayers to Beogh against you.
Beogh smites you!
* * * LOW HITPOINT WARNING * * *
The orc wizard misses you.
You completely miss the orc wizard.
The orc wizard is almost dead.
You block the orc wizard's attack.
The orc priest invokes the aid of Beogh against you.
Beogh smites you!
You die...

...# ...#####
..)))..#######
...###.......#
.#...#.....#)#
.#.#.#.<...#.# #
.#.#.#.....#.# .#
.#.#.#.....#.#####o.#
.#.........#.#..@ooo#
.#.###...[##.#.###o##
.#.....#####.#.# ..
.####### #.#.# ## .#
#.#.# #.#.# #.#.########
######### #.#..(.....#
........###'########.###


You could see 2 orc priests, an orc wizard and 2 orcs.

Vanquished Creatures
  An ice beast (D:5)
  An ogre (D:5)
  A scorpion (D:2)
  2 hounds (D:4)
  An orc priest (D:5)
  Terence (D:2)
  2 orc wizards (D:5)
  A sleepcap (D:4)
  8 gnolls
  8 adders
  A worm (D:2)
  3 dart slugs
  5 orcs
  6 endoplasms
  6 giant cockroaches
  6 goblins
  7 hobgoblins
  11 jackals
  3 kobolds
  3 quokkas
  6 ball pythons
  9 bats
  5 frilled lizards
  7 rats
104 creatures vanquished.

Notes
Turn   | Place    | Note
-------+----------+-------------------------------------------
     0 | D:1      | Dittersdorf the Gargoyle Fighter began the quest for the
                  | Orb.
     0 | D:1      | Reached XP level 1. HP: 14/14 MP: 1/1
   159 | D:1      | Reached XP level 2. HP: 19/19 MP: 2/2
   344 | D:1      | Found Bovup's Vocational Training.
   678 | D:1      | Reached XP level 3. HP: 23/23 MP: 3/3
   703 | D:1      | Found a faded altar of an unknown god.
   971 | D:2      | Noticed a scorpion
   982 | D:2      | Killed a scorpion
   983 | D:2      | Reached XP level 4. HP: 19/29 MP: 4/4
  1296 | D:2      | Reached XP level 5. HP: 33/33 MP: 5/5
  1537 | D:2      | Noticed Terence
  1551 | D:2      | Killed Terence
  2622 | D:4      | Reached XP level 6. HP: 39/39 MP: 6/6
  2665 | D:4      | Found Jotinnoi's Antique Weapon Shop.
  2934 | D:4      | Found a runed translucent door.
  2936 | D:4      | Noticed IdlyInterested's ghost (amateur DsFi)
  3568 | D:5      | Entered Level 5 of the Dungeon
  3653 | D:5      | Found a staircase to the Ecumenical Temple.
  3661 | Temple   | Entered the Ecumenical Temple
  3672 | Temple   | Became a worshipper of Warmaster Okawaru
  3731 | D:5      | Reached skill level 5 in Fighting
  3738 | D:5      | Reached skill level 5 in Armour
  3740 | D:5      | Reached skill level 5 in Shields
  3883 | D:5      | Noticed an ice beast
  3890 | D:5      | Killed an ice beast
  3891 | D:5      | Reached XP level 7. HP: 42/44 MP: 7/7
  3927 | D:5      | Reached * piety under Okawaru
  4036 | D:5      | HP: 1/44 [orc priest/divine providence (12)]
  4037 | D:5      | Killed from afar by an orc priest

Illustrated notes

Levels and vault maps discovered:
D:1:      psy_arrival_wood_between_worlds, layout_loops_ring,
          hellmonk_ecumenical_altar_defaced_shrine, minmay_misc_feat_tiny,
          nicolae_shop_vocational
D:2:      layout_loops_ring, uniq_terence
D:3:      layout_loops_ring, hangedman_decor_push, kennysheep_generic_room_9
D:4:      layout_loops_corners, serial_shops, nicolae_shop_waterfront,
          ebering_ghost_sewer_d, minmay_misc_feat_encased,
          kennysheep_small_square
D:5:      layout_basic, minmay_temple_entry_wispy
Temple:   compressed_dpeg_triangle_lava_temple

Skill      XL: |  1  2  3  4  5  6 |
---------------+-------------------+-----
Fighting       | 4 5 |  5.5
Armour         | 4 5 |  5.4
Shields        | 4 5 |  5.4
Maces & Flails | 3 4 |  4.4

Action                     |  1- 3 |  4- 6 |  7- 9 || total
---------------------------+-------+-------+-------++-------
  Melee: Flail             |   119 |   263 |    32 ||   414
    Use: Scroll            |       |    12 |       ||    12
 Armour: Scale mail        |    99 |    51 |       ||   150
         Ring mail         |       |   144 |    15 ||   159
  Dodge: Dodged            |    82 |   163 |     9 ||   254
  Block: Buckler           |    35 |    68 |     6 ||   109

Table legend: (Time is in decaauts)
 A = Elapsed time spent in this place.
 B = Non-inter-level travel time spent in this place.
 C = Inter-level travel time spent in this place.
 D = Time resting spent in this place.
 E = Time spent auto-exploring this place.
 F = Levels seen in this place.
 G = Mean time per level.
                   A        B        C        D        E       F      G
               +--------+--------+--------+--------+--------+-----+--------+
         Total |   4149 |   3995 |    154 |    162 |   2904 |   6 |  691.5 |
       Dungeon |   4132 |   3978 |    154 |    162 |   2904 |   5 |  826.4 |
        Temple |     16 |     16 |      0 |      0 |      0 |   1 |   16.0 |
               +--------+--------+--------+--------+--------+-----+--------+

Top non-repeatable levels by time:
     D:4: 1022 daAuts
     D:2: 929 daAuts
     D:1: 909 daAuts
     D:3: 800 daAuts
     D:5: 470 daAuts
  Temple: 16 daAuts
